 Dungeon Crawl Stone Soup version 0.23.2-33-g5129a83184 (webtiles) character file.

Game seed: 2929002052065797618

60 H0rd4k the Magician (level 3, -1/19 HPs)
             Began as a Deep Elf Wizard on July 9, 2019.
             Slain by an adder (3 damage)
             ... on level 2 of the Dungeon.
             The game lasted 00:03:34 (1414 turns).

H0rd4k the Magician (Deep Elf Wizard)               Turns: 1414, Time: 00:03:34

Health: -1/19      AC:  2    Str:  4    XL:     3   Next: 80%
Magic:  12/12      EV: 13    Int: 28    God:
Gold:   79         SH:  0    Dex: 13    Spells: 7/13 levels left

rFire    . . .     SeeInvis .   (no weapon)
rCold    . . .     Gourm    .   (no shield)
rNeg     . . .     Faith    .   a - +0 robe
rPois    .         Spirit   .   b - +0 hat
rElec    .         Reflect  .   (no cloak)
rCorr    .         Harm     .   (no gloves)
MR       .....                  (no boots)
Stlth    ++........             (no amulet)
HPRegen  0.06/turn              (no ring)
MPRegen  0.13/turn              (no ring)

@: brilliant, lethally poisoned (-1 -> -7)
A: no striking features
a: no special abilities


You were on level 2 of the Dungeon.
You were not hungry.

You visited 1 branch of the dungeon, and saw 2 of its levels.

You collected 79 gold pieces.

Inventory:

Armour
 a - a +0 robe (worn)
 b - a +0 hat (worn)
Jewellery
 k - an uncursed ring of magical power {unknown}
Scrolls
 c - 4 scrolls of teleportation {unknown}
 e - a scroll of enchant weapon {unknown}
 f - a scroll of noise {unknown}
 g - 2 scrolls of identify {unknown}
 j - 4 scrolls of remove curse {unknown}
Comestibles
 d - 4 rations


   Skills:
 - Level 0.1 Fighting
 + Level 2.7 Dodging
 + Level 2.6 Stealth
 + Level 5.8 Spellcasting
 + Level 2.1 Conjurations
   Level 1.1 Summonings
 + Level 1.1 Translocations


You had 7 spell levels left.
You knew the following spells:

 Your Spells              Type           Power        Failure   Level  Hunger
a - Magic Dart            Conj           ####         1%          1    None
b - Blink                 Tloc           N/A          1%          2    None
c - Conjure Flame         Conj/Fire      ####....     1%          3    None

Your spell library contained the following spells:

 Spells                   Type           Power        Failure   Level  Hunger
 Call Imp                 Summ           ####....     1%          2    None
 Slow                     Hex            ####....     1%          2    None
 Mephitic Cloud           Conj/Pois/Air  ####....     1%          3    None


Dungeon Overview and Level Annotations

Branches:
Dungeon (2/15)

Altars:
Elyvilon

Annotations:
D:1 exclusion: downstairs


Message History

You blink.
You feel sick.
You feel sick.
Things that are here:
a +0 whip; a goblin skeleton; a kobold skeleton The adder bites you.
* * * LOW HITPOINT WARNING * * *
You are lethally poisoned!
The adder poisons you!
* * * LOW HITPOINT WARNING * * *
You feel sick.
You aren't carrying any items that you can evoke.
Unknown command.
Unknown command.
It was a potion of brilliance.
You feel clever all of a sudden. The adder barely misses you.
It was a potion of magic.
Magic courses through your body.
* * * LOW HITPOINT WARNING * * *
You feel sick. The adder misses you. The adder bites you.
You die...

#######..## ###....## #.
#.......#####...##..###.
#.............#####.....
#########......)........
#####.##########..<.
####...<.##.........##.
#....######.########...
#######.....####..# #.#.
#...........@SZs.##
#####...
#####(#############..#
###......# #P.....#
#####....###...####.#
#.≈≈≈.P#
#.....##.#...#### #.#
#≈.≈≈≈.#
#.....##s.......###.#
#.≈≈≈≈.##
#..........####.....†
#.≈≈≈≈†.##
#..........######.###
#........##
#.....#......§....#
#.........#
####..#...######.##


You could see a scorpion, an adder and a hound skeleton.

Vanquished Creatures
  An adder (D:2)
  An adder zombie (D:2)
  A worm (D:2)
  A leopard gecko (D:2)
  2 giant cockroaches (D:1)
  3 goblins
  5 hobgoblins
  2 jackals (D:2)
  5 kobolds
  2 quokkas (D:2)
  2 ball pythons (D:1)
  9 bats
  4 frilled lizards
  2 giant cockroach zombies (D:2)
  5 rats
45 creatures vanquished.

Notes
Turn   | Place    | Note
-------+----------+-------------------------------------------
     0 | D:1      | H0rd4k the Deep Elf Wizard began the quest for the Orb.
     0 | D:1      | Reached XP level 1. HP: 10/10 MP: 7/7
    73 | D:1      | Reached skill level 5 in Spellcasting
   170 | D:1      | Reached XP level 2. HP: 15/15 MP: 7/10
   805 | D:2      | Reached XP level 3. HP: 19/19 MP: 2/12
  1145 | D:2      | Found a white marble altar of Elyvilon.
  1185 | D:2      | Learned a level 2 spell: Blink
  1189 | D:2      | Learned a level 3 spell: Conjure Flame
  1366 | D:2      | Noticed a scorpion
  1414 | D:2      | Slain by an adder

Skill      XL: |  1  2  3 |
---------------+----------+-----
Spellcasting   | 5 |  5.8
Conjurations   | 2 |  2.1
Fighting       | |  0.1
Dodging        | |  2.7
Stealth        | |  2.6
Summonings     | |  1.1
Translocations | |  1.1

Action                   || total
-------------------------++-------
 Cast: Magic Dart        ||   117
       Conjure Flame     ||     1
       Blink             ||     1
  Use: Potion            ||     2
  Eat: Chunk             ||     1
Armor: Robe              ||    10
Dodge: Dodged            ||    37
